 Dungeon Crawl Stone Soup version 0.29-a0-344-ge2f44be95a (webtiles) character file.

Game seed: 13122554332427208160

6 zishaf the Chiller (level 1, -2/12 HPs)
             Began as an Octopode Ice Elementalist on Apr 21, 2022.
             Slain by a jackal (3 damage)
             ... on level 1 of the Dungeon.
             The game lasted 00:00:56 (317 turns).

zishaf the Chiller (Octopode Ice Elementalist)       Turns: 317, Time: 00:00:57

Health: -2/12      AC:  1    Str:  7    XL:     1   Next: 90%
Magic:  1/3        EV: 13    Int: 17    God:
Gold:   34         SH:  0    Dex: 12    Spells: 3/4 levels left

rFire   . . .      SeeInvis .   b - +0 short sword
rCold   . . .      Faith    .   (no shield)
rNeg    . . .      Spirit   .   (helmet restricted)
rPois   .          Reflect  .   (no amulet)
rElec   .          Harm     .   (no ring)
rCorr   .          Rampage  .   (no ring)
Will    .....                   (no ring)
Stlth   +++.......              (no ring)
HPRegen 0.04/turn               (no ring)
MPRegen 0.08/turn               (no ring)
                                (no ring)
                                (no ring)

@: no status effects
A: almost no armour, amphibious, 8 rings, camouflage 1, gelatinous body 1,
(nimble swimmer 1), tentacles
a: no special abilities


You were on level 1 of the Dungeon.
You visited 1 branch of the dungeon, and saw 1 of its levels.

You collected 34 gold pieces.

Inventory:

Hand Weapons
 b - a +0 short sword (weapon)
Scrolls
 c - a scroll of teleportation {unknown}
 e - a scroll of blinking {unknown}
Potions
 a - 3 potions of magic
 d - a potion of heal wounds {unknown}


   Skills:
 + Level 0.4 Fighting
 - Level 2.0 Dodging
 + Level 3.0 Stealth
 - Level 2.0 Spellcasting
 * Level 4.1 Ice Magic


You had 3 spell levels left.
You knew the following spells:

 Your Spells              Type           Power      Damage    Failure   Level
a - Freeze                Ice            60%        1d8       3%          1

Your spell library contained the following spells:

 Spells                   Type           Power      Damage    Failure   Level
 Frozen Ramparts          Ice            30%        1d5       11%         3
 Ozocubu's Armour         Ice            15%        N/A       11%         3
 Hailstorm                Conj/Ice       8%         3d4       63%         4


Dungeon Overview and Level Annotations

Branches:
Dungeon (1/15)

Altars:

Shops:
D:1 ?(:


Innate Abilities, Weirdness & Mutations

You cannot wear most types of armour.
You are amphibious.
You can wear up to eight rings at the same time.
Your skin changes colour to match your surroundings (Stealth+).
Your rubbery body absorbs attacks. (AC +1, EV +1)
((You are camouflaged when in or above water. (Stealth+)))
You have tentacles for arms and can constrict up to eight enemies at once.


Message History

A jackal comes into view.
You closely miss the kobold.
The jackal barks! x2; The ball python hisses angrily.
You grab the kobold. You constrict the kobold.
The ball python barely misses you. x2; The kobold closely misses you.
You hit the ball python. You grab the ball python.
The ball python is heavily wounded.
You constrict the kobold.
You constrict the ball python, but do no damage.
The ball python closely misses you. The ball python grabs you.
The ball python constricts you.
The kobold hits you with a +0 short sword.
Casting: Freeze (safe; 3% risk of failure)
Confirm with . or Enter, or press ? or * to list all spells.
Aiming: Freeze (safe; 3% risk of failure)
Press: ? - help, Shift-Dir - straight line, f - ball python
Aim: a ball python (heavily wounded, constricted by you, constricting you)
You freeze the ball python.
You kill the ball python!
You constrict the kobold.
The kobold hits you with a +0 short sword.
The jackal closely misses you.
Your Stealth skill increases to level 3!
You closely miss the jackal. You grab the jackal.
You constrict the kobold, but do no damage.
You constrict the jackal, but do no damage.
The jackal bites you.
* * * LOW HITPOINT WARNING * * *
The kobold hits you with a +0 short sword.
* * * LOW HITPOINT WARNING * * *
Casting: Freeze (safe; 3% risk of failure)
Confirm with . or Enter, or press ? or * to list all spells.
Aiming: Freeze (safe; 3% risk of failure)
Press: ? - help, Shift-Dir - straight line, f - jackal
Aim: a jackal (constricted by you)
You freeze the jackal.
The jackal is moderately wounded.
You constrict the kobold, but do no damage.
You constrict the jackal. The jackal bites you.
You die...

..#...#..#.......$#.#
#..≈≈.......≈≈...##
#..≈≈≈.....≈≈≈≈..#
#...≈.....≈≈≈≈≈≈.#
##.......≈≈≈≈≈≈..# #
......≈≈≈≈≈≈≈..# #
≈≈≈≈§≈≈....#
≈≈§≈≈§≈≈...#
≈§≈§≈≈≈≈≈.@#
§§§≈≈≈≈≈≈Khh.....
≈≈≈≈≈≈≈≈..#####
≈≈≈≈≈≈≈≈..#
≈≈≈≈≈≈..#.#
≈.......#.#
≈≈......#.#
≈.......#..


You could see 2 jackals and a kobold.

Vanquished Creatures
  A ball python (D:1)
  2 goblins (D:1)
  A quokka (D:1)
  A kobold (D:1)
5 creatures vanquished.

Notes
Turn   | Place    | Note
-------+----------+-------------------------------------------
     0 | D:1      | zishaf the Octopode Ice Elementalist began the quest for
                  | the Orb.
     0 | D:1      | Reached XP level 1. HP: 11/11 MP: 3/3
    10 | D:1      | Found Yblu's Antique Weapon Shoppe.
    17 | D:1      | Found Cuduigh's Magic Scroll Shop.
    47 | D:1      | Found Ulamn's Book Shoppe.
   317 | D:1      | Slain by a jackal

Illustrated notes

Levels and vault maps discovered:
D:1:      dpeg_arrival_short_road, layout_loops_cross, serial_shops,
          nicolae_shop_advertising_works [nicolae_subvault_shop_adworks],
          nicolae_lakefront_shop, nicolae_shop_waterfront, nicolae_square_shop,
          shop, lemuel_old_faithful

Skill      XL: |  1 |
---------------+----+-----
Stealth        | 3 |  3.0
Fighting       | |  0.4
Dodging        | |  2.0
Spellcasting   | |  2.0
Ice Magic      | |  4.1

Action                   || total
-------------------------++-------
Melee: Short sword       ||     8
       Constrict         ||     5
       Tentacles         ||     1
 Cast: Freeze            ||     4
 Stab: Sleeping          ||     1
Dodge: Dodged            ||    10

Table legend: (Time is in decaauts)
 A = Elapsed time spent in this place.
 B = Non-inter-level travel time spent in this place.
 C = Inter-level travel time spent in this place.
 D = Time resting spent in this place.
 E = Time spent auto-exploring this place.
 F = Levels seen in this place.
 G = Mean time per level.
                   A        B        C        D        E       F      G
               +--------+--------+--------+--------+--------+-----+--------+
         Total |    317 |    317 |      0 |    166 |     87 |   1 |  317.0 |
       Dungeon |    317 |    317 |      0 |    166 |     87 |   1 |  317.0 |
               +--------+--------+--------+--------+--------+-----+--------+

Top non-repeatable levels by time:
     D:1: 317 daAuts
